 Dungeon Sprint DCSS version 0.18-a0-1229-ge9a1a01 (webtiles) character file.

428866 Kidiri the Invulnerable (level 21, -6/151 HPs)
             Began as a Gargoyle Fighter on Feb 5, 2016.
             Was the Champion of the Shining One.
             Killed by divine providence
             ... invoked by a sphinx
              (10 damage)
             ... in the Dungeon (Sprint IX: "|||||||||||||||||||||||||||||").
             The game lasted 01:25:42 (17382 turns).

Kidiri the Invulnerable (Gargoyle Fighter)         Turns: 17382, Time: 01:25:42

Health: -6/151     AC: 63    Str: 30    XL:     21   Next: 58%
Magic:  30/30      EV: 23    Int: 13    God:    the Shining One [******]
Gold:   1153       SH: 50    Dex: 12    Spells: 0 memorised, 20 levels left

rFire  + + +     SeeInvis +     p - +6 eveningstar "Gram" {crush, +Rage Int+5 SInv Stlth+}
rCold  + . .     Gourm    .     R - +5 gold dragon armour
rNeg   + + +     Faith    .     n - +1 large shield {rF+}
rPois  ∞         Spirit   .     C - +2 hat {MR+}
rElec  +         Dismiss  .     H - +2 cloak {+Inv}
rCorr  .         Reflect  +     a - +0 pair of gloves
SustAt .         Harm     .     c - +2 pair of boots of Okawaru's Esteem {rN++ Int-4}
MR     ++...     NoTele   +     P - +5 amulet of reflection
Stlth  ..........               G - +6 ring of strength
                                l - +4 ring of evasion

@: divine shield, flying, glowing, very resistant to hostile enchantments,
extremely unstealthy
A: antennae 1, big wings, icy blue scales 1, rugged brown scales 1, yellow
scales 1, see invisible, deterioration 1, fire resistance 1, frail 1, low mp 2,
negative energy resistance 1, electricity resistance, unbreathing, petrification
resistance, rot immunity, subdued magic 1, AC +15
a: Stop Flying, Divine Shield, Cleansing Flame, Summon Divine Warrior, Brand
Weapon With Holy Wrath, Renounce Religion, Evoke Berserk Rage, Evoke
Invisibility
}: 7/15 runes: decaying, serpentine, barnacled, slimy, elven, silver, gossamer


You were in the Dungeon.
You worshipped the Shining One.
The Shining One was exalted by your worship.
You were not hungry.

You visited 1 branch You collected 1969 gold pieces.
You spent 816 gold pieces at shops.

Inventory:

Hand Weapons
 p - the +6 eveningstar "Gram" (weapon) {crush, +Rage Int+5 SInv Stlth+}
   (Okawaru gifted it to you in the Dungeon)

   It inflicts extra damage upon your enemies.
   It affects your intelligence (+5).
   It lets you see invisible.
   It lets you go berserk.
   It makes you more stealthy.
 E - a +9 eveningstar of holy wrath
Missiles
 d - 34 javelins (quivered)
Armour
 a - a +0 pair of gloves (worn)
 c - the +2 pair of boots of Okawaru's Esteem (worn) {rN++ Int-4}
   (Okawaru gifted it to you in the Dungeon)

   It affects your intelligence (-4).
   It greatly protects you from negative energy.
 n - a +1 large shield of fire resistance (worn)
 C - a +2 hat of magic resistance (worn)
 H - a +2 cloak of invisibility (worn)
 R - a +5 gold dragon armour (worn)
Jewellery
 l - a +4 ring of evasion (left hand)
 D - the ring of Wuipp {Ice Str+3 Int+3}
   (You found it in the Dungeon)

   [ring of ice]

   It enhances your ice magic, and weakens your fire magic.
   It affects your strength (+3).
   It affects your intelligence (+3).
   It makes you vulnerable to fire.
   It protects you from cold.
 F - an uncursed ring of protection from magic
 G - a +6 ring of strength (right hand)
 J - an amulet "Sylish" {Faith rPois}
   (You found it in the Dungeon)

   [amulet of faith]

   It allows you to gain divine favour quickly.
   It protects you from poison.
 K - an uncursed amulet of regeneration
 M - the amulet "Juraneyj" {Spirit Int+6 Dex-2}
   (You found it in the Dungeon)

   [amulet of guardian spirit]

   It causes incoming damage to be split between your health and magic.
   It affects your intelligence (+6).
   It affects your dexterity (-2).
 N - an uncursed ring of sustain attributes
 O - a +3 ring of slaying
 P - a +5 amulet of reflection (around neck)
 Q - an amulet "Jemat" {Faith +Fly rC+ MR- Stlth+}
   (You found it in the Dungeon)

   [amulet of faith]

   It allows you to gain divine favour quickly.
   It protects you from cold.
   It affects your resistance to hostile enchantments.
   It lets you fly.
   It makes you more stealthy.
Wands
 o - a wand of lightning (8/15)
 U - a wand of hasting (5/9)
Scrolls
 m - 8 scrolls of remove curse
 s - 4 scrolls of recharging
 w - 2 scrolls of identify
 x - a scroll of enchant weapon
 I - 3 scrolls of fear
Potions
 b - a potion of cancellation
 e - 2 potions of curing
 h - 4 potions of haste
 i - 4 potions of magic
 j - 3 potions of berserk rage
 t - 3 potions of might
 u - 4 potions of cure mutation
 v - 2 potions of brilliance
 B - 4 potions of agility
 S - a potion of resistance
Comestibles
 f - 14 bread rations
 z - 23 fruits
 A - 6 meat rations


   Skills:
 O Level 27 Fighting
 O Level 27 Maces & Flails
 * Level 11.6 Throwing
 O Level 27 Armour
 O Level 27 Dodging
 + Level 10.6 Stealth
 O Level 27 Shields
 O Level 27 Invocations
 O Level 27 Evocations


You had 20 spell levels left.
You didn't know any spells.

Dungeon Overview and Level Annotations

Branches:
Dungeon (1/1)

Altars:
Cheibriados
Dithmenos
Elyvilon
Fedhas
Gozag
Kikubaaqudgha
Makhleb
Nemelex Xobeh
Okawaru
Pakellas
Qazlal
Ru
Sif Muna
Trog
Vehumet
Xom
Yredelemnul
Zin
The Shining One
Beogh
Jiyva
Lugonu

Shops:
D ([!?


Innate Abilities, Weirdness & Mutations

You are resistant to torment.
Your stone body is resilient (AC +15).
You are immune to poison.
Your large and strong wings let you fly indefinitely.
You resist negative energy.
You are resistant to electric shocks.
You can survive without breathing.
You are immune to petrification.
You are immune to rotting.
You have a pair of small antennae on your head.
You are partially covered in icy blue scales (AC +1).
You are partially covered in rugged brown scales (AC +1, +3% HP).
You are partially covered in yellow scales (AC +2).
You have supernaturally acute eyesight.
Your body sometimes deteriorates upon taking damage.
Your flesh is heat resistant.
You are frail (-10% HP).
Your magical capacity is very low (-20% MP).
Your spells are a little easier to cast, but a little less powerful.


Message History

The bolt of lightning hits the sphinx.
The sphinx is heavily wounded.
The bolt of lightning hits the sphinx.
The sphinx is almost dead.
The bolt of lightning misses the sphinx.
This wand has 9 charges left.
You block the sphinx's attack. The sphinx barely misses you.
You block the sphinx's attack.
Unknown command.
Evoke which item? (* to show all) (? for menu, Esc to quit)
Zapping:
o - a wand of lightning (9/15)
Press: ? - help, Shift-Dir - straight line, p - sphinx You hear a mighty clap of thunder!
The bolt of lightning hits the sphinx.
The sphinx is almost dead.
The bolt of lightning hits the sphinx.
The sphinx is heavily wounded.
This wand has 8 charges left.
The sphinx mumbles some strange words.
Something smites you!
You die...

▓▓▓▓▓▓▓▓▓▓▓▓▓▓▓▓▓▓▓▓
...▓...▓...▓...▓HH{▓
.▓.▓.▓.▓.▓.▓.▓[▓H▓.▓
.▓.▓.▓.▓.▓.▓.▓[▓@▓{▓
.▓.▓.▓'▓.▓.▓.▓[▓.▓H▓
.▓.▓.▓.▓.▓.▓.▓[▓.▓H▓
.▓.▓.▓[▓.▓.▓.▓[▓.▓†▓
.▓.▓.▓.▓.▓.▓.▓.▓.▓H▓
.▓'▓.▓.▓.▓.▓.▓.▓.▓H▓
.▓.▓.▓.▓.▓.▓.▓.▓.▓.▓
.▓.▓.▓.▓.▓'▓.▓.▓.▓.▓
.▓.▓.▓.▓.▓.▓.▓.▓.▓.▓


You could see 3 sphinxes.

Vanquished Creatures
  the Royal Jelly (D)
  2 ancient liches (D)
  3 orbs of fire (D)
  Boris (D)
  Frederick (D)
  Norris (D)
  Margery (D)
  Nikola (D)
  5 golden dragons (D)
  A bone dragon (D)
  Xtahua (D)
  A lich (D)
  4 electric golems (D)
  4 tentacled monstrosities (D)
  29 Orb Guardians (D)
  3 titans (D)
  2 quicksilver dragons (D)
  4 deep elf blademasters (D)
  13 acid blobs (D)
  2 death cobs (D)
  6 sphinxes (D)
  Gastronok (D)
  3 draconian monks (D)
  2 storm dragons (D)
  8 shadow dragons (D)
  2 tengu reavers (D)
  4 greater nagas (D)
  12 azure jellies (D)
  Ilsuiw (D)
  3 ghost moths (D)
  4 fire giants (D)
  A deep elf sorcerer (D)
  3 draconian zealots (D)
  8 emperor scorpions (D)
  5 frost giants (D)
  A draconian scorcher (D)
  A draconian annihilator (D)
  A draconian shifter (D)
  A very ugly thing (D)
  A spriggan defender (D)
  An ironheart preserver (D)
  10 vampire knights (D)
  10 stone giants (D)
  A draconian caller (D)
  2 green draconians (D)
  2 red draconians (D)
  3 mottled draconians (D)
  3 deep elf annihilators (D)
  2 deep elf demonologists (D)
  Azrael (D)
  4 yellow draconians (D)
  A dire elephant (D)
  A purple draconian (D)
  3 black draconians (D)
  A deep elf death mage (D)
  A minotaur (shapeshifter) (D)
  11 death oozes (D)
  5 merfolk javelineers (D)
  25 vault guards (D)
  4 minotaurs (D)
  3 great orbs of eyes (D)
  2 entropy weavers (D)
  6 merfolk impalers (D)
  5 fire dragons (D)
  10 hydras (D)
  A yaktaur captain (D)
  3 ice dragons (D)
  3 naga warriors (D)
  3 ogre magi (D)
  Erolcha (D)
  A ghost crab (D)
  2 merfolk avatars (D)
  4 merfolk aquamancers (D)
  An alligator (D)
  A satyr (D)
  A centaur warrior (D)
  A death knight (D)
  A deep troll shaman (D)
  2 deep troll earth magi (D)
  2 tengu warriors (D)
  A shock serpent (D)
  An orc high priest (D)
  A naga sharpshooter (D)
  2 fire crabs (D)
  A shadow wraith (D)
  5 hell knights (D)
  An unseen horror (D)
  A giant orange brain (D)
  An unseen horror (shapeshifter) (D)
  4 swamp dragons (D)
  A deep elf archer (D)
  A hill giant (D)
  A sea snake (D)
  A necromancer (D)
  An ironbrand convoker (D)
  4 orc knights (D)
  An orb spider (shapeshifter) (D)
  A harpy (shapeshifter) (D)
  2 hornets (D)
  2 orb spiders (D)
  7 orc sorcerers (D)
  10 moths of wrath (D)
  2 ugly things (D)
  2 salamanders (D)
  3 wolf spiders (D)
  2 cyclopes (D)
  7 elephants (D)
  A water nymph (D)
  A black mamba (D)
  2 sirens (D)
  A griffon (D)
  4 naga magi (D)
  2 guardian serpents (D)
  5 vault sentinels (D)
  A torpor snail (D)
  A guardian serpent (shapeshifter) (D)
  4 spiny frogs (D)
  2 yaktaurs (D)
  2 komodo dragons (D)
  A yaktaur (shapeshifter) (D)
  2 demonic crawlers (D)
  A freezing wraith (D)
  A jumping spider (D)
  15 merfolk (D)
  A tengu conjurer (D)
  2 trolls (D)
  2 bog bodies (D)
  4 slime creatures (D)
  A boulder beetle (D)
  A tarantella (D)
  3 redbacks (D)
  11 spriggans (D)
  Eustachio (D)
  A shadow (D)
  2 fire elementals (D)
  A golden eye (D)
  5 hippogriffs (D)
  A water moccasin (D)
  7 nagas (D)
  4 hell hounds (D)
  4 porcupines (D)
  6 orc warriors (D)
  3 sky beasts (D)
  2 eyes of draining (D)
  3 swamp drakes (D)
  An ice beast (D)
  A phantom (D)
  A centaur (D)
  2 crocodiles (D)
  6 giant frogs (D)
  A wight (D)
  A hound (D)
  9 orc wizards (D)
  2 crimson imps (D)
  6 orc priests (D)
  2 iguanas (D)
  A shadow imp (D)
  An adder zombie (D)
  11 orcs (D)
  A goblin (D)
  A quokka (D)
  A ball python (D)
  A bat (D)
  2 rats (D)
520 creatures vanquished.

Vanquished Creatures (collateral kills)
  2 deep elf demonologists (D)
  A minotaur (D)
  2 deep elf high priests (D)
5 creatures vanquished.

Vanquished Creatures (others)
  A merfolk javelineer (D)
  A naga warrior (D)
  An alligator (D)
  A redback (D)
  A wasp (D)
5 creatures vanquished.

Grand Total: 530 creatures vanquished

Notes
Turn   | Place    | Note
--------------------------------------------------------------
     0 | D        | Kidiri the Gargoyle Fighter began the quest for the Orb.
     0 | D        | Reached XP level 1. HP: 14/14 MP: 1/1
   126 | D        | Noticed a sky beast
   126 | D        | Noticed a crimson imp
   134 | D        | Killed a crimson imp
   134 | D        | Reached skill level 4 in Fighting
   134 | D        | Reached skill level 1 in Dodging
   134 | D        | Reached XP level 2. HP: 16/20 MP: 2/2
   134 | D        | Reached XP level 3. HP: 19/24 MP: 3/3
   153 | D        | Killed a sky beast
   153 | D        | Reached skill level 6 in Fighting
   153 | D        | Reached skill level 5 in Shields
   153 | D        | Reached XP level 4. HP: 13/32 MP: 4/4
   153 | D        | Reached XP level 5. HP: 14/36 MP: 5/5
   167 | D        | Gained mutation: You have a pair of small horns on your head. [mutagenic meat]
   168 | D        | Gained mutation: You have large cloven feet. [mutagenic meat]
   169 | D        | Gained mutation: You are partially covered in icy blue scales (AC +1). [mutagenic meat]
   170 | D        | Gained mutation: You occasionally shout uncontrollably at your foes. [mutagenic meat]
   344 | D        | Found a glowing silver altar of Zin.
   344 | D        | Found a glowing golden altar of the Shining One.
   344 | D        | Found an ancient bone altar of Kikubaaqudgha.
   344 | D        | Found a basalt altar of Yredelemnul.
   344 | D        | Found a shimmering altar of Xom.
   344 | D        | Found a radiant altar of Vehumet.
   345 | D        | Found an iron altar of Okawaru.
   346 | D        | Found a burning altar of Makhleb.
   347 | D        | Found a deep blue altar of Sif Muna.
   348 | D        | Found a bloodstained altar of Trog.
   349 | D        | Found a sparkling altar of Nemelex Xobeh.
   350 | D        | Found a white marble altar of Elyvilon.
   351 | D        | Found a roughly hewn altar of Beogh.
   352 | D        | Found a viscous altar of Jiyva.
   353 | D        | Became a worshipper of Warmaster Okawaru
   354 | D        | Found a corrupted altar of Lugonu.
   355 | D        | Found a blossoming altar of Fedhas.
   356 | D        | Found a snail-covered altar of Cheibriados.
   357 | D        | Found a shadowy altar of Dithmenos.
   358 | D        | Found a stormy altar of Qazlal.
   359 | D        | Found an opulent altar of Gozag.
   360 | D        | Found a sacrificial altar of Ru.
   361 | D        | Found an oddly glowing altar of Pakellas.
   416 | D        | Noticed a hill giant
   420 | D        | Reached skill level 5 in Maces & Flails
   420 | D        | Reached skill level 1 in Invocations
   432 | D        | Killed a hill giant
   432 | D        | Reached * piety under Okawaru
   432 | D        | Reached ** piety under Okawaru
   432 | D        | Reached skill level 8 in Fighting
   433 | D        | Reached XP level 6. HP: 13/45 MP: 6/9
   433 | D        | Reached XP level 7. HP: 14/50 MP: 6/10
   474 | D        | Reached skill level 9 in Fighting
   670 | D        | Noticed a centaur warrior
   685 | D        | Killed a centaur warrior
   685 | D        | Reached *** piety under Okawaru
   685 | D        | Reached skill level 10 in Fighting
   685 | D        | Reached skill level 10 in Armour
   685 | D        | Reached skill level 10 in Shields
   685 | D        | Reached skill level 5 in Invocations
   685 | D        | Reached XP level 8. HP: 52/57 MP: 9/12
   689 | D        | Reached skill level 5 in Dodging
   838 | D        | Noticed a spiny frog
   838 | D        | Noticed a spiny frog
   838 | D        | Noticed a spiny frog
   840 | D        | Reached XP level 9. HP: 63/63 MP: 10/13
   845 | D        | Killed a spiny frog
   849 | D        | Killed a spiny frog
   849 | D        | Reached **** piety under Okawaru
   849 | D        | Reached skill level 11 in Fighting
   852 | D        | Noticed a six-headed hydra
   858 | D        | Killed a spiny frog
   858 | D        | Reached skill level 10 in Maces & Flails
   869 | D        | Killed a six-headed hydra
   869 | D        | Reached ***** piety under Okawaru
   869 | D        | Reached XP level 10. HP: 63/71 MP: 13/15
  1019 | D        | Noticed a griffon
  1019 | D        | Noticed a spiny frog
  1030 | D        | Reached skill level 12 in Fighting
  1038 | D        | Killed a griffon
  1046 | D        | Killed a spiny frog
  1091 | D        | Noticed an elephant
  1091 | D        | Noticed an elephant
  1091 | D        | Noticed an elephant
  1091 | D        | Noticed an elephant
  1091 | D        | Noticed an elephant
  1091 | D        | Noticed an elephant
  1097 | D        | Noticed a dire elephant
  1097 | D        | Killed an elephant
  1103 | D        | Killed an elephant
  1103 | D        | Received a gift from Okawaru
  1104 | D        | Noticed an elephant
  1109 | D        | Killed an elephant
  1115 | D        | Killed an elephant
  1122 | D        | Killed an elephant
  1122 | D        | Reached skill level 13 in Fighting
  1122 | D        | Reached XP level 11. HP: 76/78 MP: 10/17
  1138 | D        | Killed a dire elephant
  1483 | D        | Noticed an orc high priest
  1489 | D        | Noticed an orc knight
  1491 | D        | Noticed an orc sorcerer
  1502 | D        | Noticed an orc knight
  1512 | D        | Killed an orc high priest
  1522 | D        | Killed an orc knight
  1522 | D        | Received a gift from Okawaru
  1530 | D        | Killed an orc sorcerer
  1530 | D        | Reached skill level 14 in Fighting
  1536 | D        | Killed an orc knight
  1607 | D        | Found Cyowoinau's Weapon Emporium.
  1607 | D        | Noticed an orc sorcerer
  1607 | D        | Noticed an orc sorcerer
  1611 | D        | Killed an orc sorcerer
  1622 | D        | Killed an orc sorcerer
  1624 | D        | Found Beuptahaat's Antique Armour Shoppe.
  1628 | D        | Found Waofuo's Distillery.
  1630 | D        | Noticed an orc sorcerer
  1631 | D        | Found Souxkiub's Magic Scroll Shoppe.
  1631 | D        | Noticed an orc sorcerer
  1634 | D        | Noticed a sun demon
  1639 | D        | Noticed an orc sorcerer
  1641 | D        | Noticed an orc sorcerer
  1643 | D        | Killed an orc sorcerer
  1651 | D        | Killed an orc sorcerer
  1657 | D        | Killed an orc sorcerer
  1662 | D        | Killed an orc sorcerer
  1662 | D        | Reached skill level 10 in Invocations
  1662 | D        | Reached XP level 12. HP: 84/86 MP: 15/19
  1719 | D        | Bought a potion of agility for 48 gold pieces
  1719 | D        | Bought a potion of agility for 48 gold pieces
  1719 | D        | Bought 2 potions of haste for 240 gold pieces
  1719 | D        | Bought a potion of heal wounds for 60 gold pieces
  1719 | D        | Bought a potion of agility for 48 gold pieces
  1719 | D        | Bought a potion of heal wounds for 60 gold pieces
  1721 | D        | Bought a scroll of enchant weapon for 90 gold pieces
  1721 | D        | Bought a scroll of recharging for 114 gold pieces
  1840 | D        | Noticed Gastronok
  1844 | D        | Noticed Erolcha
  1859 | D        | Killed Gastronok
  1859 | D        | Reached skill level 15 in Fighting
  1864 | D        | Killed Erolcha
  1864 | D        | Reached skill level 15 in Armour
  1864 | D        | Reached skill level 15 in Shields
  1910 | D        | Noticed Eustachio
  1920 | D        | Killed Eustachio
  2178 | D        | Noticed an entropy weaver
  2186 | D        | Noticed an ogre mage
  2206 | D        | Killed an entropy weaver
  2208 | D        | Noticed a stone giant
  2213 | D        | Killed an ogre mage
  2228 | D        | Killed a stone giant
  2228 | D        | Received a gift from Okawaru
  2276 | D        | Gained mutation: Your large and strong wings let you fly indefinitely. [mutagenic meat]
  2277 | D        | Gained mutation: You possess an exceptional clarity of mind. [mutagenic meat]
  2278 | D        | Gained mutation: Your natural rate of healing is unusually fast. [mutagenic meat]
  2399 | D        | Noticed a satyr
  2399 | D        | Noticed a merfolk avatar
  2418 | D        | Killed a satyr
  2418 | D        | Reached skill level 16 in Fighting
  2444 | D        | Killed a merfolk avatar
  2444 | D        | Reached XP level 13. HP: 78/93 MP: 17/21
  2471 | D        | Reached skill level 15 in Maces & Flails
  2654 | D        | Noticed an emperor scorpion
  2667 | D        | Received a gift from Okawaru
  2668 | D        | Got a transparent flail {god gift}
  2669 | D        | Identified the +8 flail "Kietsyu" {crush, Fragile rC+ Int+2} (Okawaru gifted it to you in the Dungeon)
  2675 | D        | Reached skill level 17 in Armour
  2702 | D        | Killed an emperor scorpion
  2900 | D        | Reached skill level 10 in Dodging
  3033 | D        | Noticed Azrael
  3055 | D        | Killed Azrael
  3123 | D        | Noticed a great orb of eyes
  3123 | D        | Noticed a fire giant
  3123 | D        | Noticed a frost giant
  3123 | D        | Noticed a fire dragon
  3132 | D        | Killed a great orb of eyes
  3134 | D        | Noticed a great orb of eyes
  3145 | D        | Killed a fire giant
  3146 | D        | Noticed a spriggan defender
  3153 | D        | Killed a frost giant
  3153 | D        | Mutation became permanent: Your large and strong wings let you fly indefinitely. [Gargoyle growth]
  3153 | D        | Reached XP level 14. HP: 89/103 MP: 17/23
  3154 | D        | Noticed a stone giant
  3162 | D        | Reached skill level 18 in Fighting
  3167 | D        | Received a gift from Okawaru
  3182 | D        | Reached ****** piety under Okawaru
  3185 | D        | Noticed a stone giant
  3191 | D        | Noticed a frost giant
  3196 | D        | Killed a spriggan defender
  3212 | D        | Killed a stone giant
  3242 | D        | Killed a stone giant
  3274 | D        | Killed a frost giant
  3290 | D        | Noticed a green very ugly thing
  3312 | D        | Killed a green very ugly thing
  3379 | D        | Gained mutation: Your flesh is heat resistant. [mutagenic meat]
  3380 | D        | Gained mutation: You are partially covered in rugged brown scales (AC +1, +3% HP). [mutagenic meat]
  3382 | D        | Gained mutation: Your mind is acute. (Int +2) [mutagenic meat]
  3383 | D        | Gained mutation: You have a pair of horns on your head. [mutagenic meat]
  3475 | D        | Reached skill level 19 in Fighting
  3511 | D        | Received a gift from Okawaru
  3542 | D        | Lost mutation: Your mind is acute. (Int +2) [mutagenic meat]
  3543 | D        | Lost mutation: You occasionally shout uncontrollably at your foes. [mutagenic meat]
  3544 | D        | Gained mutation: You have a pair of large horns on your head. [mutagenic meat]
  3567 | D        | Noticed an ironheart preserver
  3569 | D        | Noticed a tengu reaver
  3581 | D        | Killed an ironheart preserver
  3586 | D        | Killed a tengu reaver
  3586 | D        | Reached skill level 1 in Evocations
  3760 | D        | Noticed Xtahua
  3772 | D        | Killed Xtahua
  3772 | D        | Received a gift from Okawaru
  3772 | D        | Reached XP level 15. HP: 90/115 MP: 25/25
  3773 | D        | Got an ichor-stained spear {god gift}
  3774 | D        | Identified the +10 spear "Kotob" {drain, rF+ rN+ MR+ Stlth+} (Okawaru gifted it to you in the Dungeon)
  3832 | D        | Noticed Margery
  3848 | D        | Noticed Boris
  3862 | D        | Killed Margery
  3862 | D        | Reached skill level 20 in Fighting
  3881 | D        | Killed Boris
  3888 | D        | Received a gift from Okawaru
  3889 | D        | Got a pair of faintly glowing boots {god gift}
  3916 | D        | Identified the +2 pair of boots of Okawaru's Esteem {rN++ Int-4} (Okawaru gifted it to you in the Dungeon)
  4039 | D        | Noticed Nikola
  4059 | D        | Killed Nikola
  4059 | D        | Reached skill level 5 in Evocations
  4362 | D        | Noticed Norris
  4391 | D        | Killed Norris
  4391 | D        | Reached skill level 15 in Invocations
  4434 | D        | Noticed Frederick
  4454 | D        | Killed Frederick
  4454 | D        | Reached skill level 21 in Armour
  5156 | D        | Bought a glowing buckler for 108 gold pieces
  5813 | D        | Noticed a greater naga
  5821 | D        | Noticed a greater naga
  5823 | D        | Noticed a greater naga
  5827 | D        | Killed a greater naga
  5837 | D        | Killed a greater naga
  5839 | D        | Noticed a greater naga
  5845 | D        | Killed a greater naga
  5860 | D        | Killed a greater naga
  5860 | D        | Received a gift from Okawaru
  5866 | D        | Got a serpentine rune of Zot
  5889 | D        | Gained mutation: You are resistant to hostile enchantments. [mutagenic meat]
  5892 | D        | Lost mutation: You have a pair of large horns on your head. [mutagenic meat]
  5895 | D        | Lost mutation: Your natural rate of healing is unusually fast. [mutagenic meat]
  5897 | D        | Gained mutation: You have supernaturally acute eyesight. [mutagenic meat]
  6395 | D        | Noticed an emperor scorpion
  6395 | D        | Noticed an emperor scorpion
  6395 | D        | Noticed an emperor scorpion
  6395 | D        | Noticed an emperor scorpion
  6396 | D        | Noticed a ghost moth
  6410 | D        | Killed an emperor scorpion
  6410 | D        | Reached XP level 16. HP: 124/124 MP: 19/27
  6497 | D        | Got a gossamer rune of Zot
  6519 | D        | Lost mutation: You have a pair of horns on your head. [mutagenic meat]
  6520 | D        | Lost mutation: You have large cloven feet. [mutagenic meat]
  6521 | D        | Lost mutation: You possess an exceptional clarity of mind. [mutagenic meat]
  6522 | D        | Gained mutation: You are partially covered in yellow scales (AC +2). [mutagenic meat]
  6523 | D        | Gained mutation: Your spells are a little easier to cast, but a little less powerful. [mutagenic meat]
  6611 | D        | Noticed Ilsuiw
  6622 | D        | Reached skill level 22 in Armour
  6656 | D        | Received a gift from Okawaru
  6672 | D        | Killed Ilsuiw
  6732 | D        | Got a barnacled rune of Zot
  6810 | D        | Received a gift from Okawaru
  6827 | D        | Got a decaying rune of Zot
  7099 | D        | Reached skill level 23 in Armour
  7187 | D        | Reached XP level 17. HP: 134/134 MP: 29/29
  7201 | D        | Reached skill level 10 in Evocations
  7255 | D        | Received a gift from Okawaru
  7256 | D        | Got a spiked quicksilver dragon armour {god gift}
  7285 | D        | Identified the quicksilver dragon armour "Miotuciwn" {MR+ Regen+ Dex+4} (Okawaru gifted it to you in the Dungeon)
  7381 | D        | Reached skill level 24 in Armour
  7565 | D        | Gained mutation: You tend to lose your temper in combat. [mutagenic meat]
  7566 | D        | Lost mutation: You have a pair of small horns on your head. [mutagenic meat]
  7570 | D        | Lost mutation: You are resistant to hostile enchantments. [mutagenic meat]
  7571 | D        | Gained mutation: You are frail (-10% HP). [mutagenic meat]
  7591 | D        | Noticed a quicksilver dragon
  7591 | D        | Noticed a quicksilver dragon
  7629 | D        | Noticed a titan
  7644 | D        | Killed a quicksilver dragon
  7648 | D        | Killed a quicksilver dragon
  7672 | D        | Received a gift from Okawaru
  7691 | D        | Killed a titan
  7699 | D        | Got a silver rune of Zot
  7703 | D        | Got a bloodstained robe {god gift}
  7705 | D        | Got an ichor-stained halberd
  7742 | D        | Identified the +1 robe "Jiuforph" {Str+3 Int+4 Stlth+} (Okawaru gifted it to you in the Dungeon)
  7754 | D        | Identified the +8 halberd of Neon {chop, +Blink} (You found it in the Dungeon)
  7867 | D        | Got the ring of Wuipp {Ice Str+3 Int+3}
  7869 | D        | Got an amulet "Sylish" {Faith rPois}
  7871 | D        | Got the amulet "Juraneyj" {Spirit Int+6 Dex-2}
  7875 | D        | Got an amulet "Jemat" {Faith +Fly rC+ MR- Stlth+}
  8092 | D        | Lost mutation: You tend to lose your temper in combat. [mutagenic meat]
  8095 | D        | Gained mutation: You have a pair of small antennae on your head. [mutagenic meat]
  8107 | D        | Noticed a golden dragon
  8107 | D        | Noticed a bone dragon
  8107 | D        | Noticed a golden dragon
  8107 | D        | Noticed a golden dragon
  8116 | D        | Killed a golden dragon
  8116 | D        | Reached skill level 15 in Dodging
  8165 | D        | Killed a bone dragon
  8165 | D        | Reached skill level 25 in Armour
  8180 | D        | Killed a golden dragon
  8188 | D        | Reached XP level 18. HP: 127/131 MP: 31/31
  8201 | D        | Killed a golden dragon
  8295 | D        | Noticed a tentacled monstrosity
  8348 | D        | Killed a tentacled monstrosity
  8486 | D        | Noticed a tentacled monstrosity
  8497 | D        | Received a gift from Okawaru
  8498 | D        | Got a warped eveningstar {god gift}
  8507 | D        | Killed a tentacled monstrosity
  8536 | D        | Identified the +6 eveningstar "Gram" {crush, +Rage Int+5 SInv Stlth+} (Okawaru gifted it to you in the Dungeon)
  8546 | D        | Noticed a golden dragon
  8589 | D        | Reached skill level 26 in Armour
  8596 | D        | Killed a golden dragon
  8727 | D        | Noticed a tentacled monstrosity
  8741 | D        | Killed a tentacled monstrosity
  8744 | D        | Received a gift from Okawaru
  8880 | D        | Noticed an Orb Guardian
  8880 | D        | Noticed an Orb Guardian
  8880 | D        | Noticed an Orb Guardian
  8880 | D        | Noticed an Orb Guardian
  8880 | D        | Noticed an Orb Guardian
  8880 | D        | Noticed an Orb Guardian
  8884 | D        | Killed an Orb Guardian
  8885 | D        | Noticed an Orb Guardian
  8889 | D        | Killed an Orb Guardian
  8896 | D        | Killed an Orb Guardian
  8896 | D        | Reached skill level 15 in Evocations
  8896 | D        | Reached XP level 19. HP: 138/138 MP: 25/33
  8912 | D        | Received a gift from Okawaru
  8949 | D        | Noticed a tentacled monstrosity
  8981 | D        | Killed a tentacled monstrosity
  8981 | D        | Reached skill level 27 in Armour
  8985 | D        | Reached skill level 27 in Fighting
  8985 | D        | Reached skill level 27 in Shields
  8996 | D        | Received a gift from Okawaru
  9137 | D        | Noticed an ancient lich
  9143 | D        | Killed an ancient lich
  9146 | D        | Noticed an orb of fire
  9146 | D        | Gained mutation: Your body sometimes deteriorates upon taking damage. [an orb of fire]
  9155 | D        | Gained mutation: Your magical capacity is low (-10% MP). [an orb of fire]
  9178 | D        | Gained mutation: Your magical capacity is very low (-20% MP). [an orb of fire]
  9187 | D        | Killed an orb of fire
  9289 | D        | Noticed an electric golem
  9299 | D        | Killed an electric golem
 10797 | D        | Fell from the grace of Okawaru
 10797 | D        | Became a worshipper of the Shining One
 12291 | D        | Noticed an ancient lich
 12291 | D        | Reached * piety under the Shining One
 12291 | D        | Noticed an orb of fire
 12296 | D        | Noticed an electric golem
 12296 | D        | Reached ** piety under the Shining One
 12302 | D        | Killed an ancient lich
 12305 | D        | Noticed an orb of fire
 12318 | D        | Killed an orb of fire
 12323 | D        | Noticed an electric golem
 12324 | D        | Killed an orb of fire
 12324 | D        | Reached XP level 20. HP: 93/146 MP: 28/28
 12331 | D        | Reached *** piety under the Shining One
 12344 | D        | Killed an electric golem
 12345 | D        | Noticed an electric golem
 12351 | D        | Noticed a golden dragon
 12352 | D        | Reached **** piety under the Shining One
 12373 | D        | Killed an electric golem
 12380 | D        | Killed a golden dragon
 12407 | D        | Killed an electric golem
 12469 | D        | Reached ***** piety under the Shining One
 12474 | D        | Reached skill level 27 in Maces & Flails
 12658 | D        | Noticed a lich
 12658 | D        | Reached ****** piety under the Shining One
 12669 | D        | Killed a lich
 12825 | D        | Reached XP level 21. HP: 138/151 MP: 30/30
 12875 | D        | Got an elven rune of Zot
 13812 | D        | Noticed the Royal Jelly
 14725 | D        | Killed the Royal Jelly
 14725 | D        | Reached skill level 27 in Dodging
 14725 | D        | Reached skill level 27 in Invocations
 15103 | D        | Reached skill level 27 in Evocations
 15115 | D        | Got a slimy rune of Zot
 15124 | D        | Reached skill level 5 in Throwing
 17352 | D        | Reached skill level 10 in Throwing
 17358 | D        | Reached skill level 10 in Stealth
 17379 | D        | HP: 3/151 [sphinx/divine providence (15)]
 17382 | D        | Killed from afar by a sphinx

Vault maps used:
D:        linesprint

Action                   |  1- 3 |  4- 6 |  7- 9 | 10-12 | 13-15 | 16-18 | 19-21 || total
-------------------------+-------+-------+-------+-------+-------+-------+-------++-------
Melee: Flail             |    38 |     4 |       |       |   607 |   857 |       ||  1506
       Morningstar       |       |    12 |    64 |   340 |   104 |       |       ||   520
       Eveningstar       |       |       |       |       |       |   103 |   801 ||   904
Invok: Heroism           |       |       |     4 |    11 |    18 |    13 |     2 ||    48
       Finesse           |       |       |       |    11 |    17 |    13 |     2 ||    43
       Divine Shield     |       |       |       |       |       |       |    11 ||    11
       Cleansing Flame   |       |       |       |       |       |       |    10 ||    10
       Summon Divine War |       |       |       |       |       |       |     4 ||     4
 Abil: Fly               |       |       |       |       |     1 |       |       ||     1
       Evoke Invisibilit |       |       |       |       |     2 |     3 |     1 ||     6
       Evoke Berserk Rag |       |       |       |       |       |       |     1 ||     1
Evoke: Wand              |       |       |       |       |       |       |     5 ||     5
  Use: Potion            |     1 |       |       |       |     9 |       |    14 ||    24
       Scroll            |       |       |       |     2 |     1 |     5 |    15 ||    23
 Stab: Invisible         |       |       |       |       |     5 |    23 |       ||    28
       Distracted        |       |       |       |       |       |     1 |       ||     1
  Eat: Chunk             |       |     4 |       |    12 |    36 |    17 |     2 ||    71
       Meat ration       |       |       |       |       |     2 |     1 |     3 ||     6
       Fruit             |       |       |       |       |       |       |    22 ||    22
